 Dungeon Sprint DCSS version 0.21.0-24-g2553a33 (webtiles) character file.

8698 mmigdal the Brawler (level 11, -9/122 HPs)
             Began as a Troll Berserker on Jan 20, 2018.
             Was a High Priest of Trog.
             Killed by divine providence
             ... invoked by a meliai
              (13 damage)
             ... in the Dungeon (Sprint I: "Red Sonja").
             The game lasted 00:19:58 (1330 turns).

mmigdal the Brawler (Troll Berserker)               Turns: 1330, Time: 00:19:58

Health: -9/122     AC:  8    Str: 27    XL:     11   Next: 13%
Magic:  0/10       EV: 15    Int:  3    God:    Trog [*****.]
Gold:   1278       SH:  0    Dex: 10    Spells: 10/10 levels left

rFire    . . .     SeeInvis +     - Unarmed
rCold    . . .     Gourm    +   (no shield)
rNeg     . . .     Faith    .   b - +0 troll leather armour
rPois    .         Spirit   .   (helmet restricted)
rElec    .         Reflect  .   p - +0 cloak
rCorr    .         Harm     .   (gloves unavailable)
MR       .....     NoTele   +   (boots unavailable)
Stlth    +.........             (no amulet)
HPRegen  1.10/turn              o - ring of see invisible
MPRegen  0.12/turn              (no ring)

@: confused, berserk cooldown, slowed, very slow
A: large, unfitting armour, claws 3, horns 1, fast metabolism 3, gourmand,
regeneration 1, screaming 1, shaggy fur 1, tough skin 2, weak 1
a: Berserk, Trog's Hand, Brothers in Arms, Burn Spellbooks, Renounce Religion


You were in the Dungeon.
You worshipped Trog.
Trog was extremely pleased with you.
You were hungry.

You visited 1 branch You collected 1983 gold pieces.
You spent 705 gold pieces at shops.

Inventory:

Hand Weapons
 l - a +3 hunting sling of flaming
Missiles
 n - 52 sling bullets
Armour
 a - a +0 animal skin
 b - a +0 troll leather armour (worn)
 p - a +0 cloak (worn)
Jewellery
 o - a ring of see invisible (left claw)
Wands
 i - a wand of digging (14)
 q - a wand of random effects (18)
Scrolls
 h - a scroll of blinking
 k - 2 scrolls of vulnerability
Potions
 c - 7 potions of curing
 e - a potion of haste
 f - 2 potions of magic
 g - a potion of berserk rage
 j - a potion of agility {unknown}
Comestibles
 m - 4 rations


   Skills:
 + Level 11.6 Fighting
 + Level 2.0 Armour
 + Level 12.5 Dodging
 + Level 1.7 Stealth
 + Level 17.5 Unarmed Combat


You had 10 spell levels left.
You didn't know any spells.

Dungeon Overview and Level Annotations

Branches:
Dungeon (1/1)

Altars:
Cheibriados
Dithmenos
Elyvilon
Fedhas
Gozag
Hepliaklqana
Kikubaaqudgha
Makhleb
Nemelex Xobeh
Okawaru
Qazlal
Ru
Sif Muna
Trog
Uskayaw
Vehumet
Wu Jian
Xom
Yredelemnul
Zin
The Shining One
Jiyva
Lugonu

Shops:
D ((([[!(![*(?((%*![*[[


Innate Abilities, Weirdness & Mutations

You are too large for most types of armour.
You have claws for hands.
Your metabolism is lightning-fast.
You like to eat raw meat.
Your natural rate of healing is unusually fast.
You are covered in fur. (AC +1)
You have very tough skin. (AC +2)
You have a pair of small horns on your head.
You occasionally shout uncontrollably at your foes.
You are weak. (Str -2)


Message History

You choke on the stench!
You are more confused.
The lorocyproca hits you!
* * * LOW HITPOINT WARNING * * *
The lorocyproca hits you but does no damage.
You feel much better. The lorocyproca hits you!!
* * * LOW HITPOINT WARNING * * *
You scratch the lorocyproca. Your headbutt misses the lorocyproca.
Your claw misses the lorocyproca.
The lorocyproca is severely wounded.
You are engulfed in noxious fumes.
You choke on the stench!
You are more confused.
You are feeling hungry.
The lorocyproca hits you!!
* * * LOW HITPOINT WARNING * * *
You avoid triggering an arrow trap.
You are engulfed in noxious fumes.
* * * LOW HITPOINT WARNING * * *
The meliai mumbles some strange prayers to its god against you.
Something smites you!
You die...

#############
..#__#..')..#
..'..'..#)..##+#
#'#__####...'..# ##
#.####§.#####§.+ #+#$###
#§#§≈§..#§.##§####..$#y#
_§§§≈≈§§§.§#.)§§§#..$###
._#§§§§.#§.#..§§§2§.$$$#
#'##§#####'###§§@#^....#
#.#)§[(###.'.#.^.###++##
####§###.###.#..##
.'.....'.∩##§#.^#
.###########)##'#
###....§..##†##.#
#.#........'§####
..#'''######§#
..#.......§#.#


You could see a lorocyproca (invisible) and a meliai.

Vanquished Creatures
  Sonja (D)
  2 unseen horrors (D)
  A deep troll (D)
  A shining eye (D)
  2 kobold demonologists (D)
  4 demonic crawlers (D)
  A hornet (D)
  A slime creature (D)
  2 redbacks (D)
  Sigmund (D)
  A yak (D)
  2 floating eyes (D)
  An ogre (D)
  7 necrophages (D)
  8 jellies (D)
  Ijyb (D)
  2 ballistomycetes (D)
38 creatures vanquished.

Vanquished Creatures (collateral kills)
  2 centaur warriors (D)
  An oklob plant (D)
  7 shining eyes (D)
  A gargoyle (D)
  4 floating eyes (D)
15 creatures vanquished.

Vanquished Creatures (others)
  2 ballistomycete spores (D)
2 creatures vanquished.

Grand Total: 55 creatures vanquished

Notes
Turn   | Place    | Note
-------+----------+-------------------------------------------
     0 | D        | mmigdal the Troll Berserker began the quest for the Orb.
     0 | D        | Reached XP level 1. HP: 22/22 MP: 0/0
     2 | D        | Noticed Ijyb
    12 | D        | Killed Ijyb
    12 | D        | Reached skill level 4 in Unarmed Combat
    12 | D        | Reached XP level 2. HP: 30/31 MP: 1/1
    20 | D        | Noticed an ogre
    24 | D        | Killed an ogre
    24 | D        | Reached skill level 5 in Fighting
    24 | D        | Reached skill level 5 in Dodging
    24 | D        | Reached skill level 6 in Unarmed Combat
    24 | D        | Reached XP level 3. HP: 42/42 MP: 2/2
    24 | D        | Reached XP level 4. HP: 50/50 MP: 3/3
    40 | D        | Noticed Sigmund
    45 | D        | Killed Sigmund
    45 | D        | Reached ** piety under Trog
    45 | D        | Reached skill level 7 in Unarmed Combat
    45 | D        | Reached XP level 5. HP: 56/61 MP: 4/4
    76 | D        | Found a burning altar of Makhleb.
    76 | D        | Found a viscous altar of Jiyva.
    76 | D        | Found a shimmering altar of Xom.
    76 | D        | Found a corrupted altar of Lugonu.
    76 | D        | Noticed a slime creature
    84 | D        | Killed a slime creature
    84 | D        | Reached skill level 9 in Unarmed Combat
    84 | D        | Reached XP level 6. HP: 38/71 MP: 5/5
   139 | D        | Found an ornate altar of the Wu Jian Council.
   139 | D        | Found a deep blue altar of Sif Muna.
   141 | D        | Found a radiant altar of Vehumet.
   177 | D        | Found Ocaakes's Antique Armour Emporium.
   177 | D        | Found an ancient bone altar of Kikubaaqudgha.
   177 | D        | Found a hazy altar of Hepliaklqana.
   177 | D        | Found a stormy altar of Qazlal.
   177 | D        | Found a hide-covered altar of Uskayaw.
   177 | D        | Found a blossoming altar of Fedhas.
   177 | D        | Found a bloodstained altar of Trog.
   177 | D        | Found an iron altar of Okawaru.
   177 | D        | Found a basalt altar of Yredelemnul.
   177 | D        | Found a glowing golden altar of the Shining One.
   177 | D        | Found a snail-covered altar of Cheibriados.
   177 | D        | Found a sacrificial altar of Ru.
   177 | D        | Found a glowing silver altar of Zin.
   177 | D        | Found a shadowy altar of Dithmenos.
   177 | D        | Found a white marble altar of Elyvilon.
   177 | D        | Noticed a yak
   179 | D        | Killed a yak
   179 | D        | Reached *** piety under Trog
   179 | D        | Reached XP level 7. HP: 78/79 MP: 6/6
   180 | D        | Found an opulent altar of Gozag.
   181 | D        | Found a sparkling altar of Nemelex Xobeh.
   212 | D        | Noticed a kobold demonologist
   213 | D        | Noticed a kobold demonologist
   214 | D        | Reached skill level 10 in Unarmed Combat
   220 | D        | Killed a kobold demonologist
   220 | D        | Reached skill level 11 in Unarmed Combat
   226 | D        | Killed a kobold demonologist
   226 | D        | Reached **** piety under Trog
   226 | D        | Reached XP level 8. HP: 91/91 MP: 7/7
   277 | D        | Noticed a demonic crawler
   277 | D        | Noticed a demonic crawler
   277 | D        | Noticed a demonic crawler
   277 | D        | Noticed a demonic crawler
   281 | D        | Killed a demonic crawler
   281 | D        | Reached skill level 12 in Unarmed Combat
   305 | D        | Killed a demonic crawler
   309 | D        | Killed a demonic crawler
   312 | D        | Killed a demonic crawler
   312 | D        | Reached skill level 10 in Dodging
   312 | D        | Reached skill level 13 in Unarmed Combat
   312 | D        | Reached XP level 9. HP: 33/101 MP: 8/8
   412 | D        | Noticed Sonja
   422 | D        | Killed Sonja
   422 | D        | Reached skill level 10 in Fighting
   558 | D        | Found Gomowk's Weapon Boutique.
   574 | D        | Noticed a shining eye
   574 | D        | Noticed a shining eye
   574 | D        | Noticed a shining eye
   574 | D        | Noticed a shining eye
   574 | D        | Noticed a shining eye
   574 | D        | Noticed a shining eye
   575 | D        | Reached skill level 14 in Unarmed Combat
   577 | D        | Killed a shining eye
   578 | D        | Killed a shining eye
   578 | D        | Gained mutation: You occasionally shout uncontrollably at your foes. [a shining eye]
   581 | D        | Paralysed by a floating eye for 3 turns
   584 | D        | Killed a shining eye
   584 | D        | Reached ***** piety under Trog
   584 | D        | Reached skill level 1 in Stealth
   584 | D        | Gained mutation: You have a pair of small horns on your head. [a shining eye]
   585 | D        | Killed a shining eye
   589 | D        | Killed a shining eye
   589 | D        | Reached skill level 15 in Unarmed Combat
   589 | D        | Reached XP level 10. HP: 111/111 MP: 9/9
   591 | D        | Killed a shining eye
   591 | D        | Received a gift from Trog
   603 | D        | Noticed a shining eye
   603 | D        | Noticed a shining eye
   611 | D        | Gained mutation: You are weak. (Str -2) [a shining eye]
   620 | D        | Killed a shining eye
   621 | D        | Killed a shining eye
   641 | D        | Found Zookitti's Weapon Shoppe.
   641 | D        | Found Mottuumn's Antique Armour Shop.
   641 | D        | Found Zoeceicu's Antique Weapon Emporium.
   641 | D        | Found Panoe's Distillery.
   656 | D        | Bought a potion of curing for 39 gold pieces
   656 | D        | Bought a potion of curing for 39 gold pieces
   656 | D        | Bought a potion of curing for 39 gold pieces
   656 | D        | Bought a potion of curing for 39 gold pieces
   681 | D        | Noticed a deep troll
   685 | D        | Killed a deep troll
   757 | D        | Found Ruavyze's Armour Emporium.
   904 | D        | Noticed a centaur warrior
   905 | D        | Noticed a centaur warrior
   910 | D        | Killed a centaur warrior
   910 | D        | Reached skill level 16 in Unarmed Combat
   912 | D        | Killed a centaur warrior
   949 | D        | Paralysed by a hornet for 1 turns
   966 | D        | Noticed an oklob plant
  1002 | D        | Killed an oklob plant
  1057 | D        | Killed an unseen horror
  1057 | D        | Reached skill level 1 in Armour
  1062 | D        | Killed an unseen horror
  1062 | D        | Reached skill level 17 in Unarmed Combat
  1062 | D        | Reached XP level 11. HP: 111/120 MP: 10/10
  1074 | D        | Received a gift from Trog
  1092 | D        | Received a gift from Trog
  1175 | D        | Found Veusew's Distillery.
  1175 | D        | Found Puogg's Weapon Shop.
  1175 | D        | Found Efacluc's Antique Armour Boutique.
  1177 | D        | Found Liruesm's Assorted Antiques.
  1177 | D        | Found Cenu's Weapon Shop.
  1177 | D        | Found Julirphos's Magic Scroll Shoppe.
  1177 | D        | Found Gufif's Antique Weapon Boutique.
  1177 | D        | Found Juzi's Weapon Emporium.
  1177 | D        | Found Cesmejoh's Food Shop.
  1177 | D        | Found Uvael's General Store.
  1181 | D        | Found Wineh's Distillery.
  1182 | D        | Bought a puce potion for 24 gold pieces
  1182 | D        | Found Rief's Assorted Antiques.
  1182 | D        | Found Riuneuf's Armour Boutique.
  1183 | D        | Found Vuph's Armour Emporium.
  1189 | D        | Bought a ration for 65 gold pieces
  1189 | D        | Bought a ration for 65 gold pieces
  1189 | D        | Bought a ration for 65 gold pieces
  1190 | D        | Bought an uncursed ring of see invisible for 195 gold pieces
  1208 | D        | Bought a cloak for 135 gold pieces
  1310 | D        | Noticed a lorocyproca
  1329 | D        | HP: 5/122 [lorocyproca (32)]
  1330 | D        | Killed from afar by a meliai

Skill      XL: |  1  2  3  4  5  6  7  8  9 10 11 |
---------------+----------------------------------+-----
Fighting       | 3 5 6 7 8 9 10 11 | 11.6
Dodging        | 3 5 6 7 8 10 11 12 | 12.5
Unarmed Combat | 4 6 7 9 11 13 15 17 | 17.5
Stealth        | 1 |  1.7
Armour         | 1 2 |  2.0

Action                   |  1- 3 |  4- 6 |  7- 9 | 10-12 || total
-------------------------+-------+-------+-------+-------++-------
Melee: Unarmed           |    12 |    14 |    36 |    60 ||   122
       Punch             |       |     1 |     4 |     6 ||    11
       Headbutt          |       |       |       |    11 ||    11
Invok: Berserk           |     1 |       |     3 |     2 ||     6
       Brothers in Arms  |       |       |     3 |     4 ||     7
       Trog's Hand       |       |       |     2 |       ||     2
  Use: Scroll            |       |       |       |     7 ||     7
       Potion            |       |       |       |     5 ||     5
  Eat: Chunk             |       |     5 |       |     6 ||    11
       Ration            |       |       |     1 |     1 ||     2
Armor: Animal skin       |     2 |     2 |    12 |       ||    16
       Troll leather arm |       |       |       |    15 ||    15
Dodge: Dodged            |     3 |     6 |    30 |    34 ||    73
